 Dungeon Sprint DCSS version 0.25.1-2-g60ff931df9 (webtiles) character file.

Game seed: 18347330934021548542

16127 listentometal the Shatterer (level 12, -7/204 HPs)
             Began as a Troll Berserker on Oct 23, 2020.
             Was the Champion of Trog.
             Mangled by a fire giant
             ... wielding a +1 great sword of flaming
              (37 damage)
             ... in the Dungeon (Sprint I: "Red Sonja").
             The game lasted 00:12:26 (2310 turns).

listentometal the Shatterer (Troll Berserker)       Turns: 2310, Time: 00:12:26

Health: -7/204     AC: 10    Str: 30    XL:     12   Next: 7%
Magic:  11/11      EV: 13    Int:  7    God:    Trog [******]
Gold:   1415       SH:  0    Dex:  9    Spells: 11/11 levels left

rFire    + + .     SeeInvis +   l - +9 eveningstar of Infinity {flame, Fragile rF+ Int+4 SInv}
rCold    . . .     Gourm    +   (no shield)
rNeg     . . .     Faith    .   t - +2 robe {rF+}
rPois    .         Spirit   .   n - +0 hat
rElec    .         Reflect  .   w - +1 cloak {Stlth+}
rCorr    .         Harm     .   (gloves unavailable)
MR       ++...     NoTele   +   (boots unavailable)
Stlth    ..........             (no amulet)
HPRegen  1.84/turn              (no ring)
MPRegen  0.12/turn              (no ring)

@: berserking, regenerating, very quick
A: large, unfitting armour, claws 3, camouflage 1, clumsy 1, fast metabolism 3,
gourmand, regeneration 1, shaggy fur 1, tough skin 3
a: Berserk, Trog's Hand, Brothers in Arms, Renounce Religion


You were in the Dungeon.
You worshipped Trog.
Trog was exalted by your worship.
You were not hungry.

You visited 1 branch You collected 2995 gold pieces.
You spent 1580 gold pieces at shops.

Inventory:

Hand Weapons
 a - a +0 giant club
 c - a +4 vorpal dire flail
 l - the +9 eveningstar of Infinity (weapon) {flame, Fragile rF+ Int+4 SInv}
   (Trog gifted it to you in the Dungeon)

   It has been specially enchanted to burn those struck by it, causing extra
   injury to most foes and up to half again as much damage against particularly
   susceptible opponents.
   It affects your intelligence (+4).
   It protects you from fire.
   It lets you see invisible.
   It will be destroyed if unequipped.
 v - a +10 antimagic giant spiked club
 x - the +5 flail "Myufesor" {flame, rElec Dex+3, unknown}
   (Trog gifted it to you in the Dungeon)

   It has been specially enchanted to burn those struck by it, causing extra
   injury to most foes and up to half again as much damage against particularly
   susceptible opponents.
   It affects your dexterity (+3).
   It insulates you from electricity.
 y - a +3 vorpal morningstar
 A - a +6 dire flail
Missiles
 b - 7 curare-tipped darts (quivered)
Armour
 n - a +0 hat (worn)
 t - a +2 robe of fire resistance (worn)
 u - a +0 cloak of magic resistance
 w - a +1 cloak of stealth (worn)
Wands
 j - a wand of flame (2)
 q - a wand of iceblast (3)
Scrolls
 i - a scroll of blinking
 k - a scroll of remove curse
 m - 2 scrolls of enchant weapon
 p - 2 scrolls of identify
 s - a scroll of enchant armour
Potions
 d - 5 potions of curing
 e - a potion of heal wounds
 f - a potion of haste
 g - 2 potions of magic
 h - a potion of berserk rage
 o - 2 potions of cancellation
Comestibles
 r - 8 rations


   Skills:
 + Level 13.0 Fighting
 * Level 21.4 Maces & Flails
 - Level 8.1 Dodging


You had 11 spell levels left.
You didn't know any spells.
Your spell library was empty.

Dungeon Overview and Level Annotations

Branches:
Dungeon (1/1)

Altars:
Cheibriados
Dithmenos
Elyvilon
Fedhas
Gozag
Hepliaklqana
Kikubaaqudgha
Makhleb
Nemelex Xobeh
Okawaru
Qazlal
Ru
Sif Muna
Trog
Uskayaw
Vehumet
Wu Jian
Xom
Yredelemnul
Zin
The Shining One
Jiyva
Lugonu

Shops:
D %:(%%*}[:?![[((=!?[[


Innate Abilities, Weirdness & Mutations

You are too large for most types of armour.
You have claws for hands.
Your metabolism is lightning-fast.
You like to eat raw meat.
Your natural rate of healing is unusually fast.
You are covered in fur. (AC +1)
You have extremely tough skin. (AC +3)
Your skin changes colour to match your surroundings (Stealth+).
You are clumsy. (Dex -2)


Message History

You burn the fire giant.
You kill the fire giant!
Trog accepts your kill.
Trog appreciates your killing of a magic user.
Something appears at your feet! Trog grants you a weapon!
Your Fighting skill increases to level 13!
Unknown command.
You spit the fire giant like a pig!!! You burn the fire giant.
The fire giant is heavily wounded.
You bludgeon the fire giant!! You burn the fire giant.
The fire giant is severely wounded.
The fire giant gestures at you while chanting.
The bolt of fire misses you.
You puncture the fire giant! You burn the fire giant.
The fire giant is almost dead.
You hit the fire giant.
The fire giant is almost dead.
The fire giant hits you with a +1 great sword of flaming!!!
You die...

#).^..#...###..###$#
#.^°..+.....##.#A#$#
###○..#^....#..###$#
'.#°..###''##.##..$#
#.#○°###○.###..#+###
#.#○.####..###...#
#.##○#..#..#.###.#
#.##)#.........#.#
'§####...○.....#@#
#§#..'....○.####C#
#§#####...###....#
§§# #####...#### ###
.....## .###


You could see a fire giant.

Vanquished Creatures
  A fire giant (D)
  A lorocyproca (D)
  2 centaur warriors (D)
  Sonja (D)
  7 unseen horrors (D)
  A deep troll (D)
  A lindwurm (D)
  An oklob plant (D)
  2 shining eyes (D)
  A gargoyle (D)
  2 kobold demonologists (D)
  4 demonic crawlers (D)
  A hornet (D)
  A slime creature (D)
  2 redbacks (D)
  Sigmund (D)
  A yak (D)
  13 hogs (D)
  3 floating eyes (D)
  An ogre (D)
  7 necrophages (D)
  8 jellies (D)
  Ijyb (D)
63 creatures vanquished.

Vanquished Creatures (collateral kills)
  6 shining eyes (D)
  3 floating eyes (D)
9 creatures vanquished.

Vanquished Creatures (others)
  2 ballistomycete spores (D)
2 creatures vanquished.

Grand Total: 74 creatures vanquished

Notes
Turn   | Place    | Note
-------+----------+-------------------------------------------
     0 | D        | listentometal the Troll Berserker began the quest for the
                  | Orb.
     0 | D        | Reached XP level 1. HP: 22/22 MP: 0/0
     1 | D        | Noticed Ijyb
    11 | D        | Killed Ijyb
    11 | D        | Reached skill level 5 in Maces & Flails
    11 | D        | Reached XP level 2. HP: 29/29 MP: 1/1
    37 | D        | Noticed an ogre
    41 | D        | Killed an ogre
    41 | D        | Reached skill level 8 in Maces & Flails
    41 | D        | Reached XP level 3. HP: 27/36 MP: 2/2
    41 | D        | Reached XP level 4. HP: 33/44 MP: 3/3
    82 | D        | Noticed Sigmund
    96 | D        | Killed Sigmund
    96 | D        | Reached ** piety under Trog
    96 | D        | Reached skill level 11 in Maces & Flails
    96 | D        | Reached XP level 5. HP: 19/50 MP: 4/4
    96 | D        | Reached XP level 6. HP: 22/59 MP: 5/5
   158 | D        | Found an ornate altar of the Wu Jian Council.
   158 | D        | Found a shimmering blue altar of Sif Muna.
   160 | D        | Found a radiant altar of Vehumet.
   180 | D        | Found Foqateun's Food Emporium.
   180 | D        | Found an ancient bone altar of Kikubaaqudgha.
   180 | D        | Found a hazy altar of Hepliaklqana.
   180 | D        | Found a stormy altar of Qazlal.
   180 | D        | Found a hide-covered altar of Uskayaw.
   180 | D        | Found a blossoming altar of Fedhas.
   180 | D        | Found a bloodstained altar of Trog.
   180 | D        | Found an iron altar of Okawaru.
   180 | D        | Found a basalt altar of Yredelemnul.
   180 | D        | Found a glowing golden altar of the Shining One.
   180 | D        | Found a snail-covered altar of Cheibriados.
   180 | D        | Found a sacrificial altar of Ru.
   180 | D        | Found a glowing silver altar of Zin.
   180 | D        | Found a shadowy altar of Dithmenos.
   180 | D        | Found a white marble altar of Elyvilon.
   180 | D        | Noticed a yak
   192 | D        | Killed a yak
   192 | D        | Reached skill level 13 in Maces & Flails
   193 | D        | Found an opulent altar of Gozag.
   217 | D        | Found a sparkling altar of Nemelex Xobeh.
   233 | D        | Found a burning altar of Makhleb.
   233 | D        | Found a viscous altar of Jiyva.
   233 | D        | Found a shimmering altar of Xom.
   233 | D        | Found a corrupted altar of Lugonu.
   233 | D        | Noticed a slime creature
   242 | D        | Killed a slime creature
   242 | D        | Reached *** piety under Trog
   242 | D        | Reached XP level 7. HP: 67/67 MP: 6/6
   286 | D        | Noticed a kobold demonologist
   287 | D        | Noticed a kobold demonologist
   294 | D        | Noticed a red devil
   294 | D        | Killed a kobold demonologist
   294 | D        | Reached skill level 14 in Maces & Flails
   302 | D        | Noticed a smoke demon
   304 | D        | Killed a kobold demonologist
   304 | D        | Reached **** piety under Trog
   304 | D        | Reached skill level 5 in Fighting
   304 | D        | Reached skill level 5 in Dodging
   304 | D        | Reached XP level 8. HP: 80/80 MP: 7/7
   343 | D        | Noticed a centaur warrior
   343 | D        | Noticed a centaur warrior
   350 | D        | Killed a centaur warrior
   350 | D        | Reached skill level 15 in Maces & Flails
   356 | D        | Killed a centaur warrior
   356 | D        | Reached skill level 16 in Maces & Flails
   356 | D        | Reached XP level 9. HP: 53/93 MP: 8/8
   428 | D        | Noticed a deep troll
   436 | D        | Killed a deep troll
   449 | D        | Found Xackobra's Armour Emporium.
   524 | D        | Noticed an oklob plant
   531 | D        | Killed an oklob plant
   573 | D        | Reached ***** piety under Trog
   624 | D        | Reached XP level 10. HP: 76/106 MP: 9/9
   744 | D        | Killed an unseen horror
   744 | D        | Reached skill level 17 in Maces & Flails
   745 | D        | Killed an unseen horror
   879 | D        | Received a gift from Trog
   940 | D        | Received a gift from Trog
   945 | D        | Got a bone eveningstar {god gift}
   950 | D        | Identified the +9 eveningstar of Infinity {flame, Fragile
                  | rF+ Int+4 SInv} (Trog gifted it to you in the Dungeon)
   964 | D        | Reached skill level 18 in Maces & Flails
   995 | D        | Found Toesib's Armour Shoppe.
   995 | D        | Found Jurholuq's Gadget Shop.
   995 | D        | Found Cutsua's Book Boutique.
   997 | D        | Found Gueneaq Jimy's Magic Scroll Emporium.
   997 | D        | Found Asoynaac's Distillery.
   997 | D        | Found Nane's Antique Armour Shoppe.
   997 | D        | Found Letwoucw's Antique Armour Boutique.
   997 | D        | Found Egest's Antique Weapon Emporium.
   997 | D        | Found Jewap's Weapon Shop.
   997 | D        | Found Duyfeb's Jewellery Shoppe.
  1000 | D        | Found Hutaonwao's Distillery.
  1001 | D        | Found Xutex's Magic Scroll Emporium.
  1001 | D        | Found Yhoel's Food Boutique.
  1002 | D        | Found Seholun's Armour Emporium.
  1011 | D        | Bought a +0 hat for 56 gold pieces
  1012 | D        | Bought a ration for 65 gold pieces
  1012 | D        | Bought a ration for 65 gold pieces
  1012 | D        | Bought a ration for 65 gold pieces
  1012 | D        | Bought a ration for 65 gold pieces
  1012 | D        | Bought a ration for 65 gold pieces
  1012 | D        | Bought a ration for 65 gold pieces
  1012 | D        | Bought a ration for 65 gold pieces
  1013 | D        | Bought a scroll of enchant armour for 90 gold pieces
  1021 | D        | Bought a scroll of enchant weapon for 105 gold pieces
  1024 | D        | Bought a runed robe for 107 gold pieces
  1024 | D        | Bought a runed cloak for 217 gold pieces
  1044 | D        | Bought a glowing robe for 107 gold pieces
  1061 | D        | Bought a +1 cloak of stealth for 231 gold pieces
  1084 | D        | Bought a scroll of remove curse for 36 gold pieces
  1085 | D        | Bought a scroll of remove curse for 36 gold pieces
  1143 | D        | Noticed Sonja
  1146 | D        | Killed Sonja
  1146 | D        | Reached skill level 10 in Fighting
  1205 | D        | Found Kaobrued's Food Boutique.
  1213 | D        | Bought a ration for 70 gold pieces
  1213 | D        | Bought a ration for 70 gold pieces
  1222 | D        | Noticed a shining eye
  1222 | D        | Noticed a shining eye
  1222 | D        | Noticed a shining eye
  1224 | D        | Killed a shining eye
  1225 | D        | Killed a shining eye
  1225 | D        | Noticed a shining eye
  1226 | D        | Noticed a shining eye
  1227 | D        | Noticed a shining eye
  1227 | D        | Killed a shining eye
  1227 | D        | Received a gift from Trog
  1227 | D        | Gained mutation: You are clumsy. (Dex -2) [a shining eye]
  1228 | D        | Killed a shining eye
  1229 | D        | Noticed a shining eye
  1229 | D        | Noticed a shining eye
  1230 | D        | Killed a shining eye
  1230 | D        | Reached skill level 19 in Maces & Flails
  1230 | D        | Killed a shining eye
  1230 | D        | Reached XP level 11. HP: 118/118 MP: 10/10
  1233 | D        | Killed a shining eye
  1233 | D        | Received a gift from Trog
  1234 | D        | Gained mutation: Your skin changes colour to match your
                  | surroundings (Stealth+). [a shining eye]
  1236 | D        | Killed a shining eye
  1248 | D        | Got a slimy flail {god gift}
  1253 | D        | Found Teweir's Food Shop.
  1253 | D        | Found Zul Kou's Book Shoppe.
  1253 | D        | Found Nidisusi's General Store.
  1253 | D        | Found Cuujiv's Weapon Emporium.
  1360 | D        | Noticed a lindwurm
  1364 | D        | Killed a lindwurm
  1388 | D        | Reached ****** piety under Trog
  1404 | D        | Received a gift from Trog
  1418 | D        | Reached skill level 20 in Maces & Flails
  1437 | D        | Received a gift from Trog
  1586 | D        | Noticed a lorocyproca
  1609 | D        | Killed a lorocyproca
  1609 | D        | Received a gift from Trog
  2126 | D        | Noticed a daeva
  2129 | D        | Noticed an unseen horror
  2129 | D        | Noticed an unseen horror
  2131 | D        | Noticed an unseen horror
  2135 | D        | Killed an unseen horror
  2136 | D        | Killed an unseen horror
  2144 | D        | Killed an unseen horror
  2144 | D        | Reached skill level 21 in Maces & Flails
  2166 | D        | Noticed an unseen horror
  2175 | D        | Killed an unseen horror
  2247 | D        | Noticed an unseen horror
  2255 | D        | Killed an unseen horror
  2255 | D        | Reached XP level 12. HP: 111/132 MP: 11/11
  2286 | D        | Noticed a fire giant
  2296 | D        | Noticed a fire giant
  2306 | D        | Killed a fire giant
  2306 | D        | Received a gift from Trog
  2310 | D        | Mangled by a fire giant

Illustrated notes

Levels and vault maps discovered:
D:        dungeon_sprint_1 [red_sonja_temple_1, red_sonja_temple_small_1]

Skill      XL: |  1  2  3  4  5  6  7  8  9 10 11 12 |
---------------+-------------------------------------+-----
Maces & Flails | 5 8 11 13 14 16 19 21 | 21.4
Fighting       | 3 5 7 8 10 12 13 | 13.0
Dodging        | 3 5 7 8 |  8.1

Action                   |  1- 3 |  4- 6 |  7- 9 | 10-12 || total
-------------------------+-------+-------+-------+-------++-------
Melee: Mace              |     7 |       |       |       ||     7
       Club              |     3 |    37 |    55 |    24 ||   119
       Dire flail        |       |       |       |    15 ||    15
       Eveningstar       |       |       |       |    93 ||    93
Invok: Berserk           |     2 |     1 |     5 |     4 ||    12
       Trog's Hand       |       |       |     2 |     5 ||     7
       Brothers in Arms  |       |       |       |     3 ||     3
Evoke: Wand              |       |       |       |    10 ||    10
  Use: Scroll            |       |       |       |     4 ||     4
       Potion            |       |       |       |     1 ||     1
 Stab: Sleeping          |       |       |       |     1 ||     1
  Eat: Chunk             |     2 |     4 |     3 |    12 ||    21
       Ration            |       |       |     1 |     3 ||     4
Armor: Animal skin       |       |     1 |     7 |     8 ||    16
       Robe              |       |       |       |    35 ||    35
Dodge: Dodged            |     3 |    11 |    12 |    49 ||    75
